 Dungeon Crawl Stone Soup version 0.31-a0-236-g9a0961fb85 (webtiles) character file.

Game seed: 12118949014957333616

129 qw the Shooter (level 4, -6/37 HPs)
             Began as a Minotaur Hexslinger on July 10, 2023.
             Mangled by an ogre
             ... wielding a +0 giant spiked club
              (20 damage)
             ... on level 3 of the Dungeon.
             The game lasted 00:00:59 (2525 turns).

qw the Shooter (Minotaur Hexslinger)                Turns: 2525, Time: 00:00:59

Health: -6/37      AC:  7    Str: 12    XL:     4   Next: 88%
Magic:  4/4        EV: 11    Int: 10    God:
Gold:   26         SH:  0    Dex: 15    Spells: 4/5 levels left

rFire   . . .        Y - +1 sling
rCold   . . .        (no shield)
rNeg    . . .        h - +0 ring mail
rPois   .            (helmet restricted)
rElec   .            e - +0 cloak
rCorr   .            d - +0 pair of gloves
SInv    .            (no boots)
Will    .....        (no amulet)
Stlth   +            (no ring)
HPRegen 0.26/turn    (no ring)
MPRegen 0.09/turn

%: no passive effects
@: no status effects
A: horns 2, retaliatory headbutt
a: no special abilities


You were on level 3 of the Dungeon.
You visited 1 branch of the dungeon, and saw 3 of its levels.

You collected 130 gold pieces.
You spent 104 gold pieces at shops.


Innate Abilities, Weirdness & Mutations

You have a pair of horns on your head.
You reflexively headbutt those who attack you in melee.


   Skills:
 + Level 2.5 Fighting
 - Level 5.0 Ranged Weapons
 - Level 1.3 Armour
 - Level 2.1 Dodging
 - Level 1.0 Spellcasting
 - Level 2.0 Hexes


You had 4 spell levels left.
You knew the following spells:

 Your Spells              Type           Power      Damage    Failure   Level
a - Slow                  Hex            16%        N/A       32%         1

Your spell library contained the following spells:

 Spells                   Type           Power      Damage    Failure   Level
 Inner Flame              Hex/Fire       2%         N/A       83%         3
 Portal Projectile        Hex/Tloc       4%         N/A       83%         3
 Cause Fear               Hex            2%         N/A       97%         4

Inventory:

Hand Weapons
 Y - a +1 sling (weapon)
Armour
 d - a +0 pair of gloves (worn)
 e - a +0 cloak (worn)
 h - a +0 ring mail (worn)
Scrolls
 a - 5 scrolls of teleportation
 f - 2 scrolls of identify
Potions
 c - a potion of haste
 i - a potion of heal wounds
 k - a potion of curing
 l - a potion of brilliance {unknown}

Dungeon Overview and Level Annotations

Branches:
Dungeon (3/15)

Altars:
Fedhas

Shops:
D:3 ?


Message History

You shoot a sling bullet.
The sling bullet barely misses the goblin.
An ogre comes into view. It is wielding a +0 giant spiked club.
The goblin shoots a sling bullet.
The sling bullet closely misses you.
You shoot a sling bullet.
The sling bullet barely misses the ogre.
The ogre shouts!
The goblin shoots a sling bullet.
The sling bullet barely misses you.
You shoot a sling bullet. The sling bullet hits the ogre.
The ogre is lightly wounded.
The goblin shoots a sling bullet.
The sling bullet barely misses you.
You shoot a sling bullet. The sling bullet hits the ogre.
The ogre is lightly wounded.
The goblin shoots a sling bullet.
The sling bullet barely misses you.
You shoot a sling bullet. The sling bullet hits the ogre.
The ogre is moderately wounded.
You shoot a sling bullet. The sling bullet hits the ogre.
The ogre is moderately wounded.
You shoot a sling bullet.
The sling bullet hits the ogre but does no damage.
The ogre is moderately wounded.
The ogre barely misses you.
You shoot a sling bullet. The sling bullet hits the ogre.
The ogre is heavily wounded.
The ogre hits you with a +0 giant spiked club!!
Ouch! That really hurt!
You shoot a sling bullet. The sling bullet hits the ogre.
The ogre is heavily wounded.
The goblin unwields a +0 sling.
The goblin wields a +0 club.
The goblin closely misses you. You furiously retaliate!
You headbutt the goblin, but do no damage.
The ogre closely misses you.
You shoot a sling bullet. The sling bullet hits the ogre.
The ogre is severely wounded.
The goblin closely misses you.
An orc comes into view. It is wielding a +0 hand axe.
The goblin hits you but does no damage.
The ogre hits you with a +0 giant spiked club!!
Ouch! That really hurt!
You die...

#..# o..# #..# #..# #...
.. #.####..####.# #.
......gO.....# #.
#.#####@######## ######.
....................
......
#####.>.................
....
.<..#..########.########
##.. .#.#.#..# #.# #..
.#.#.#..########.# ##.
.#.#.#..#........#
#######.
.#.#.#..#.########
#....... .#......#.#
#######.######


You could see an ogre, an orc (wandering) and a goblin.

Vanquished Creatures
  4 adders
  2 worms (D:2)
  4 dart slugs
  3 orcs (D:3)
  5 endoplasms
  4 giant cockroaches
  8 goblins
  5 hobgoblins
  6 jackals (D:1)
  8 quokkas
  2 ball pythons
  8 bats
  2 frilled lizards (D:2)
  4 kobolds
  5 rats
70 creatures vanquished.

Notes
Turn   | Place    | Note
-------+----------+-------------------------------------------
     0 | D:1      | qw the Minotaur Hexslinger began the quest for the Orb.
     0 | D:1      | Reached XP level 1. HP: 16/16 MP: 1/1
     0 | D:1      | 0 ||| qw: Version: 0.3-a-52-g30416fa
     0 | D:1      | 0 ||| qw: Game counter: 4889
     0 | D:1      | 0 ||| qw: Melee chars always use a shield: true
     0 | D:1      | 0 ||| qw: God list: Okawaru
     0 | D:1      | 0 ||| qw: Allow faded altars: false
     0 | D:1      | 0 ||| qw: Do Orc after clearing Dungeon:15 true
     0 | D:1      | 0 ||| qw: Do second Lair branch before Depths: true
     0 | D:1      | 0 ||| qw: Lair rune preference: random
     0 | D:1      | 0 ||| qw: Goals: Normal
     0 | D:1      | 0 ||| PLANNING D:1-11
   194 | D:1      | Reached skill level 3 in Ranged Weapons
   255 | D:1      | Reached XP level 2. HP: 22/23 MP: 2/2
   642 | D:1      | 642 ||| FLEEEEING.
   643 | D:1      | 643 ||| FLEEEEING.
   644 | D:1      | 644 ||| FLEEEEING.
   645 | D:1      | 645 ||| FLEEEEING.
   646 | D:1      | 646 ||| FLEEEEING.
   651 | D:1      | Reached XP level 3. HP: 23/29 MP: 3/3
   894 | D:1      | 894 ||| UPGRADING to +0 cloak.
   899 | D:1      | 899 ||| UPGRADING to +0 leather armour.
   909 | D:1      | 909 ||| DROPPING +0 robe.
   910 | D:1      | 910 ||| UPGRADING to +0 ring mail.
   920 | D:1      | 920 ||| DROPPING +0 leather armour.
   921 | D:1      | 921 ||| READING 3 scrolls labelled UKLOLI HEPPIVE.
   924 | D:1      | 924 ||| DROPPING scroll of poison.
   933 | D:2      | Reached skill level 4 in Ranged Weapons
   957 | D:2      | Reached skill level 1 in Armour
  1295 | D:2      | Reached XP level 4. HP: 36/36 MP: 4/4
  1934 | D:2      | 1934 ||| UPGRADING to +0 pair of gloves.
  1939 | D:2      | 1939 ||| READING scroll labelled GOPSAEREKH.
  1940 | D:2      | 1940 ||| READING 4 scrolls labelled GIOLI DUOCU.
  1941 | D:2      | 1941 ||| READING scroll labelled ODDUNI MAHYOR.
  2042 | D:2      | 2042 ||| READING 2 scrolls labelled WAPRYR BUTA.
  2043 | D:2      | 2043 ||| DRINKING 2 white potions.
  2044 | D:2      | 2044 ||| DRINKING 2 fuming pink potions.
  2045 | D:2      | 2045 ||| READING 3 scrolls of identify.
  2045 | D:2      | 2045 ||| IDENTIFYING dark potion
  2046 | D:2      | 2046 ||| READING 2 scrolls of identify.
  2046 | D:2      | 2046 ||| IDENTIFYING fuming golden potion
  2047 | D:2      | 2047 ||| DROPPING potion of degeneration.
  2048 | D:2      | 2048 ||| DROPPING scroll of summoning.
  2368 | D:3      | Reached skill level 5 in Ranged Weapons
  2388 | D:3      | Found a blossoming altar of Fedhas.
  2418 | D:3      | Found Qoulowekh's Magic Scroll Shop.
  2424 | D:3      | 2424 ||| SHOPLISTING 3 scrolls of enchant weapon (292 gold,
                  | have 130).
  2424 | D:3      | 2424 ||| BUYING scroll of identify (26 gold).
  2424 | D:3      | Bought a scroll of identify for 26 gold pieces
  2424 | D:3      | 2424 ||| BUYING scroll of teleportation (39 gold).
  2424 | D:3      | Bought a scroll of teleportation for 39 gold pieces
  2424 | D:3      | 2424 ||| BUYING scroll of teleportation (39 gold).
  2424 | D:3      | Bought a scroll of teleportation for 39 gold pieces
  2516 | D:3      | Noticed an ogre
  2525 | D:3      | Mangled by an ogre

Levels and vault maps discovered:
D:1:      amcnicky_arrival_wind_blow, layout_basic,
          ebering_dispersal_statue_hall, chequers_serial_rivers_small_a,
          minmay_split_cup_small
D:2:      layout_basic, mrwooster_statue_mirror, supply_closet_lemuel,
          minmay_pentomino_s4
D:3:      layout_basic, nicolae_overflow_crystal_walls, fedhas_ov_isle_minmay,
          serial_shops, shop, chequers_arboretum

Skill      XL: |  1  2  3  4 |
---------------+-------------+-----
Ranged Weapons | 3 4 5 |  5.0
Fighting       | 2 |  2.5
Armour         | 1 |  1.3
Dodging        | |  2.1
Spellcasting   | |  1.0
Hexes          | |  2.0

Action                     |  1- 3 |  4- 6 || total
---------------------------+-------+-------++-------
   Fire: Sling             |   127 |   100 ||   227
    Use: Scroll            |     1 |     6 ||     7
         Potion            |       |     2 ||     2
 Armour: Robe              |    10 |       ||    10
         Ring mail         |     3 |    19 ||    22
  Dodge: Dodged            |    43 |    24 ||    67

Table legend:
 A = Non-vault XP
 B = Vault XP
 C = Vault XP percentage of total XP
 D = Non-vault monster count
 E = Vault monster count
 F = Vault count percentage of total count
                 A         B        C        D         E       F
            +---------+---------+-------+---------+---------+-------
      Total |     170 |      15 |   8.1 |      63 |       7 |  10.0
            +---------+---------+-------+---------+---------+-------
        D:1 |      54 |       8 |  12.9 |      31 |       3 |   8.8
        D:2 |      58 |       7 |  10.8 |      17 |       4 |  19.0
        D:3 |      58 |       0 |   0.0 |      15 |       0 |   0.0
            +---------+---------+-------+---------+---------+-------
